 Dungeon Crawl Stone Soup version 0.27-a0-1188-g73eefd5def (webtiles) character file.

Game seed: 127079606631576857

3 Glokmah the Ducker (level 1, 6/11 HPs)
             Began as a Spriggan Abyssal Knight on May 22, 2021.
             Was an Initiate of Lugonu.
             Quit the game on level 1 of the Dungeon.
             The game lasted 00:01:01 (217 turns).

Glokmah the Ducker (Spriggan Abyssal Knight)         Turns: 217, Time: 00:01:01

Health: 6/11       AC:  2    Str:  8    XL:     1   Next: 41%
Magic:  3/3        EV: 17    Int: 13    God:    Lugonu [......]
Gold:   17         SH:  0    Dex: 14    Spells: 0/0 levels left

rFire    . . .     SeeInvis +   a - +1 short sword
rCold    . . .     Faith    .   (shield restricted)
rNeg     . . .     Spirit   .   b - +0 robe
rPois    .         Reflect  .   (helmet restricted)
rElec    .         Harm     .   (no cloak)
rCorr    .         Rampage  .   (gloves unavailable)
Will     .....                  (boots unavailable)
Stlth    +.........             (no amulet)
HPRegen  0.03/turn              (no ring)
MPRegen  0.08/turn              (no ring)

@: very quick
A: very small, no large weapons, unfitting armour, see invisible, speed 3
a: Renounce Religion


You were on level 1 of the Dungeon.
You worshipped Lugonu.
Lugonu was noncommittal.
You visited 1 branch of the dungeon, and saw 1 of its levels.
You visited the Abyss 1 time.

You collected 17 gold pieces.

Inventory:

Hand Weapons
 a - a +1 short sword (weapon)
Armour
 b - a +0 robe (worn)
Scrolls
 c - a scroll of identify {unknown}
Potions
 d - 2 potions of curing {unknown}


   Skills:
 + Level 2.4 Fighting
 * Level 2.3 Short Blades
 - Level 3.2 Dodging
 + Level 0.4 Stealth
 + Level 1.8 Invocations


You couldn't memorise any spells.
You didn't know any spells.
Your spell library was empty.

Dungeon Overview and Level Annotations

Branches:
Dungeon (1/15)

Altars:


Innate Abilities, Weirdness & Mutations

You are very small and have problems with some larger weapons.
You are too small for most types of armour.
You have supernaturally acute eyesight. (SInv)
You cover ground extremely quickly. (Speed+++)


Message History

You hit the endoplasm.
The endoplasm is lightly wounded.
The endoplasm barely misses you.
You hit the endoplasm.
The endoplasm is almost dead.
The endoplasm freezes you.
You are frozen.
You hit the endoplasm.
You kill the endoplasm!
Lugonu accepts your kill.
Found 2 smoky brown potions.
HP restored.
There is a stone staircase leading down here.
An endoplasm comes into view.
You see here 2 smoky brown potions.
An endoplasm is nearby!
d - 2 smoky brown potions The endoplasm quivers.
You hit the endoplasm.
The endoplasm is lightly wounded.
The endoplasm misses you.
You hit the endoplasm.
The endoplasm is almost dead.
The endoplasm freezes you.
You are frozen.
You hit the endoplasm but do no damage.
The endoplasm is almost dead.
The endoplasm misses you.
You hit the endoplasm but do no damage.
The endoplasm is almost dead.
The endoplasm hits you.
You hit the endoplasm.
You kill the endoplasm!
Lugonu accepts your kill.
Autopickup is now off.
Saving game... please wait.
Welcome back, Glokmah the Spriggan Abyssal Knight.
Lugonu says: Spread carnage and corruption!
Press ? for a list of commands and other information.
Are you sure you want to abandon this character and quit the game? (Confirm with "yes".)

#.. #... #..# ###
#.. ..# #.##.. .
####....# ....
#.......# #....
#......@###..#
#.......##..##
#............# #
####....##...##...
###..........#
#.#....##.
#.###.># .# #.
##.###...# #.
#.....#


There were no monsters in sight!

Vanquished Creatures
  2 endoplasms (D:1)
  A kobold (D:1)
3 creatures vanquished.

Notes
Turn   | Place    | Note
-------+----------+-------------------------------------------
     0 | Abyss:1  | Glokmah the Spriggan Abyssal Knight began the quest for the
                  | Orb.
     0 | Abyss:1  | Reached XP level 1. HP: 11/11 MP: 3/3
    50 | Abyss:1  | Noticed a lich
    52 | Abyss:1  | Noticed a small abomination
    67 | Abyss:1  | Noticed a thrashing horror
    75 | Abyss:1  | Noticed a small abomination
    79 | D:1      | Escaped the Abyss
   217 | D:1      | Quit the game

Illustrated notes

Levels and vault maps discovered:
D:1:      saegor_arrival_miasma, layout_rooms, ebering_ecumenical_altar_webs,
          minmay_misc_feat_roman, minmay_misc_feat_diagonals

Action                   || total
-------------------------++-------
Melee: Short sword       ||     9
Invok: Depart the Abyss  ||     1
Dodge: Dodged            ||     6

Table legend: (Time is in decaauts)
 A = Elapsed time spent in this place.
 B = Non-inter-level travel time spent in this place.
 C = Inter-level travel time spent in this place.
 D = Time resting spent in this place.
 E = Time spent auto-exploring this place.
 F = Levels seen in this place.
 G = Mean time per level.
                   A        B        C        D        E       F      G
               +--------+--------+--------+--------+--------+-----+--------+
         Total |    178 |    178 |      0 |      0 |    106 |   2 |   89.0 |
       Dungeon |    128 |    128 |      0 |      0 |    106 |   1 |  128.0 |
         Abyss |     49 |     49 |      0 |      0 |      0 |   1 |   49.0 |
               +--------+--------+--------+--------+--------+-----+--------+

Top non-repeatable levels by time:
     D:1: 128 daAuts
 Abyss:1: 49 daAuts
